 Dungeon Crawl Stone Soup version 0.31-a0-632-g766dd24fdf (webtiles) character file.

Game seed: 4803490940628778416

70 ytrimaz the Ruffian (level 4, 0/32 HPs)
             Began as a Demonspawn Shapeshifter on Aug 25, 2023.
             Slain by an iguana (13 damage)
             ... on level 4 of the Dungeon.
             The game lasted 00:02:51 (3008 turns).

ytrimaz the Ruffian (Demonspawn Shapeshifter)       Turns: 3008, Time: 00:02:52

Health: 0/32       AC:  2    Str: 16    XL:     4   Next: 4%
Magic:  4/4        EV: 14    Int:  9    God:
Gold:   235        SH:  0    Dex: 15    Spells: 3/3 levels left

rFire   . .          .
                       - Unarmed
rCold   . . .        (no shield)
rNeg    . . .        a - +0 animal skin
rPois   .            (helmet currently unavailable)
rElec   .            (cloak currently unavailable)
rCorr   .            (gloves currently unavailable)
SInv    .            (boots currently unavailable)
Will    .....        (no amulet)
Stlth   +            (no ring)
HPRegen 0.25/turn    (no ring)
MPRegen 0.09/turn

%: no passive effects
@: beast-form
A: beast (slay +2), repulsion field 1, demonic magic 2
a: Begin Untransformation


You were on level 4 of the Dungeon.
You were a hulking beast.
You visited 1 branch of the dungeon, and saw 4 of its levels.

You collected 235 gold pieces.


Innate Abilities, Weirdness & Mutations

You are a hulking beast.
Your limbs bulge with bestial killing power. (Slay +2)
You are surrounded by a mild repulsion field. (EV +2)
Spells you cast may paralyse nearby enemies.


   Skills:
 - Level 1.0 Fighting
 - Level 1.7 Dodging
 + Level 3.7 Unarmed Combat
 + Level 3.5 Shapeshifting


You had 3 spell levels left.
You didn't know any spells.
Your spell library contained the following spells:

 Spells                   Type           Power      Damage    Failure   Level
 Poisonous Vapours        Pois/Air       0%         N/A       52%         2
 Dazzling Flash           Conj/Hex       0%         N/A       77%         3
 Mephitic Cloud           Conj/Pois/Air  0%         N/A       77%         3
 Agony                    Necr           0%         N/A       100%        5
 Freezing Cloud           Conj/Ice/Air   0%         6-21      100%        5
 Silence                  Hex/Air        0%         N/A       100%        5

Inventory:

Armour
 a - a +0 animal skin (worn)
Talismans
 c - a beast talisman (active)
 d - a flux talisman
 g - a granite talisman
   (You found it on level 2 of the Dungeon)
Scrolls
 i - a scroll of blinking {unknown}
 k - a scroll of poison {unknown}
 m - a scroll of teleportation {unknown}
 o - a scroll of butterflies {unknown}
 p - a scroll of amnesia {unknown}
 q - a scroll of vulnerability {unknown}
 r - a scroll of revelation {unknown}
Potions
 b - a potion of lignification
 e - a potion of brilliance {unknown}
 f - a potion of heal wounds {unknown}
 h - 2 potions of attraction {unknown}
 j - a potion of mutation {unknown}
 l - 2 potions of haste {unknown}
 n - a potion of degeneration {unknown}
 s - a potion of berserk rage {unknown}

Dungeon Overview and Level Annotations

Branches:
Dungeon (4/15) Zot: 20955
 Temple: D:4-7

Altars:
Ashenzari
Sif Muna

Shops:
D:2 [

Annotations:
D:3 exclusion: door

#.......# ##.
#........
#.#..##........
#....##........
#..#.#........#
#..#.#........# ####
#..#.#........# ....
#..#..=hl....#
.....###..#...##...##
.....#....#.### ###
.......##....#
.#...###.##.# #
#....<#....# ##.#
#..##.###..####...#
#......##.......###
##.................


You could see an iguana.


Message History

There is a faded altar of an unknown god here.
Key pressed, stopping explore.
There is an open door here.
There is an open door here.
You see here 18 gold pieces.
Key pressed, stopping explore.
You see here 18 gold pieces.
You see here a purple potion.
You see here a rat corpse.
Key pressed, stopping explore.
Key pressed, stopping explore.
Key pressed, stopping explore.
You see here a jackal skeleton.
You see here a jackal skeleton.
You see here 10 gold pieces.
Key pressed, stopping explore.
You see here 6 stones.
Key pressed, stopping explore.
Key pressed, stopping explore.
There is an open door here.
There is an open door here.
There is a stone staircase leading up here.
There is an open door here.
Things that are here:
a +0 dagger; 2 stones You see here a +0 dagger.
You see here a +0 short sword of speed.
Key pressed, stopping explore.
You see here a +0 robe.
You see here a +0 robe.
Key pressed, stopping explore.
Partly explored, can't reach some places.
Partly explored, can't reach some places.
Partly explored, can't reach some places.
You see here a +0 robe.
You see here a +0 short sword of speed.
You see here a +0 dagger.
There is an open door here.
Things that are here:
a +0 dagger; 2 stones
There is an open door here.
There is a stone staircase leading down here.
You climb downwards.
Reactivating autopickup.
There is a stone staircase leading up here.
A giant cockroach comes into view.
A giant cockroach is nearby!
A giant cockroach is nearby!
You closely miss the giant cockroach.
The giant cockroach completely misses you.
You completely miss the giant cockroach.
The giant cockroach misses you.
You barely miss the giant cockroach. The giant cockroach closely misses you.
The giant cockroach misses you.
Unknown command.
You hit the giant cockroach but do no damage.
The giant cockroach barely misses you.
You hit the giant cockroach. The giant cockroach misses you.
You hit the giant cockroach but do no damage.
The giant cockroach closely misses you.
Unknown command.
You closely miss the giant cockroach. The giant cockroach misses you.
A giant cockroach is nearby!
A giant cockroach is nearby!
You barely miss the giant cockroach.
The giant cockroach completely misses you.
A giant cockroach is nearby!
You hit the giant cockroach.
You kill the giant cockroach!
Key pressed, stopping explore.
No target in view!
Unknown command.
No target in view!
You now have 235 gold pieces (gained 14).
An iguana comes into view.
The iguana hisses angrily.
An iguana is nearby!
An iguana is nearby!
You see here a ring of wizardry.
An iguana is nearby!
The iguana bites you. 😕 HP[-1]
You take 1 damage, and now have 31/32 hp.
You barely miss the iguana. The iguana misses you.
You hit the iguana. The iguana barely misses you.
Unknown command.
You hit the iguana. The iguana misses you. 😎 HP[+1]
Your hp is fully restored (32).
You hit the iguana but do no damage. The iguana bites you! 😮 HP[-9]
You take 9 damage, and now have 23/32 hp.
MASSIVE DAMAGE!! (PAUSE)
You barely miss the iguana. The iguana bites you!
* * * LOW HITPOINT WARNING * * *
😨 HP[-10]
You take 10 damage, and now have 13/32 hp.
MASSIVE DAMAGE!! (PAUSE)
You hit the iguana. The iguana bites you!
You die...

Skill      XL: |  1  2 |
---------------+-------+-----
Unarmed Combat | 3 |  3.7
Shapeshifting  | 3 |  3.5
Fighting       | |  1.0
Dodging        | |  1.7

Action                     |  1- 3 |  4- 6 || total
---------------------------+-------+-------++-------
  Melee: Unarmed           |   139 |    15 ||   154
         Punch             |     3 |       ||     3
   Stab: Sleeping          |     1 |       ||     1
 Armour: Animal skin       |    14 |       ||    14
  Dodge: Dodged            |    76 |    12 ||    88
   Form: Statue            |     1 |       ||     1
         Beast             |     1 |       ||     1

Levels and vault maps discovered:
D:1:      lemuel_arrival_muddy, layout_loops_ring, serial_forest,
          infiniplex_forest_clump_diagonal, infiniplex_forest_end_double,
          infiniplex_forest_clump_cross, infiniplex_forest_side_room,
          infiniplex_forest_clump_cross, infiniplex_forest_end_3,
          infiniplex_forest_lined_room_, infiniplex_forest_lined_room_
D:2:      layout_rooms, serial_shops, nicolae_shop_scrapyard, basic_altar,
          hangedman_decor_clover_reticule
D:3:      layout_basic, nicolae_overflow_crystal_walls, led_sif_book,
          shapermc_ecumenical_altar_ellora, lexackson_kobold_supper
D:4:      layout_rooms, ebering_ghost_sewer_f

Notes
Turn   | Place    | Note
-------+----------+-------------------------------------------
     0 | D:1      | ytrimaz the Demonspawn Shapeshifter began the quest for the
                  | Orb.
     0 | D:1      | Reached XP level 1. HP: 15/15 MP: 1/1
     0 | D:1      | magus.rc [v1.9.6]
   136 | D:1      | You pick up a book of the Senses and begin reading...
   136 | D:1      | You add the spells Dazzling Flash, Agony and Silence to
                  | your library.
   919 | D:2      | Reached skill level 3 in Unarmed Combat
   919 | D:2      | Gained mutation: Spells you cast may paralyse adjacent
                  | enemies. [demonic ancestry]
   919 | D:2      | Reached XP level 2. HP: 21/21 MP: 2/2
   942 | D:2      | Reached skill level 3 in Shapeshifting
  1098 | D:2      | Found Vot Qupp's Armour Emporium.
  1247 | D:2      | Found a broken altar of Ashenzari.
  1588 | D:3      | Gained mutation: You are surrounded by a mild repulsion
                  | field. (EV +2) [demonic ancestry]
  1588 | D:3      | Reached XP level 3. HP: 26/26 MP: 3/3
  1703 | D:3      | You pick up a book of Vapours and begin reading...
  1703 | D:3      | You add the spells Poisonous Vapours, Mephitic Cloud and
                  | Freezing Cloud to your library.
  1923 | D:3      | Found a shimmering blue altar of Sif Muna.
  2613 | D:3      | Gained mutation: Spells you cast may paralyse nearby
                  | enemies. [demonic ancestry]
  2613 | D:3      | Reached XP level 4. HP: 32/32 MP: 4/4
  2622 | D:3      | Found a faded altar of an unknown god.
  3008 | D:4      | Slain by an iguana

Vanquished Creatures
  An adder (D:3)
  4 worms
  An orc (D:3)
  2 endoplasms
  4 giant cockroaches
  7 hobgoblins
  2 jackals (D:3)
  2 quokkas (D:2)
  2 ball pythons
  2 bats
  3 frilled lizards
  4 goblins
  7 kobolds (D:3)
  6 rats
47 creatures vanquished.

Table legend:
 A = Non-vault XP
 B = Vault XP
 C = Vault XP percentage of total XP
 D = Non-vault monster count
 E = Vault monster count
 F = Vault count percentage of total count
                 A         B        C        D         E       F
            +---------+---------+-------+---------+---------+-------
      Total |      90 |      11 |  10.9 |      39 |       8 |  17.0
            +---------+---------+-------+---------+---------+-------
        D:1 |      10 |       0 |   0.0 |       7 |       0 |   0.0
        D:2 |      29 |       0 |   0.0 |      15 |       0 |   0.0
        D:3 |      49 |      11 |  18.3 |      16 |       8 |  33.3
        D:4 |       2 |       0 |   0.0 |       1 |       0 |   0.0
            +---------+---------+-------+---------+---------+-------

Skill      XL: |  1  2 |
---------------+-------+-----
Unarmed Combat | 3 |  3.7
Shapeshifting  | 3 |  3.5
Fighting       | |  1.0
Dodging        | |  1.7

Action                     |  1- 3 |  4- 6 || total
---------------------------+-------+-------++-------
  Melee: Unarmed           |   139 |    15 ||   154
         Punch             |     3 |       ||     3
   Stab: Sleeping          |     1 |       ||     1
 Armour: Animal skin       |    14 |       ||    14
  Dodge: Dodged            |    76 |    12 ||    88
   Form: Statue            |     1 |       ||     1
         Beast             |     1 |       ||     1

Illustrated notes

Table legend:
 A = Kills in this place as a percentage of kills in the entire game.
 B = Kills by you in this place as a percentage of kills by you in the entire game.
 C = Kills by friends in this place as a percentage of kills by friends in the entire game.
 D = Other kills in this place as a percentage of other kills in the entire game.
 E = Experience gained in this place as a percentage of experience gained in the entire game.
 F = Experience gained in this place divided by the number of levels of this place that you have seen.
                   A       B       C       D       E      F
               +-------+-------+-------+-------+-------+----------------------
         Total | 100.0 | 100.0 |   N/A |   N/A | 100.0 |  25.2
       Dungeon | 100.0 | 100.0 |   N/A |   N/A | 100.0 |  25.2
               +-------+-------+-------+-------+-------+----------------------

Table legend: (Time is in decaauts)
 A = Elapsed time spent in this place.
 B = Non-inter-level travel time spent in this place.
 C = Inter-level travel time spent in this place.
 D = Time resting spent in this place.
 E = Time spent auto-exploring this place.
 F = Levels seen in this place.
 G = Mean time per level.
                   A        B        C        D        E       F      G
               +--------+--------+--------+--------+--------+-----+--------+
         Total |   3043 |   2996 |     47 |      0 |   2581 |   4 |  760.8 |
       Dungeon |   3043 |   2996 |     47 |      0 |   2581 |   4 |  760.8 |
               +--------+--------+--------+--------+--------+-----+--------+

Top non-repeatable levels by time:
     D:3: 1452 daAuts
     D:1: 915 daAuts
     D:2: 620 daAuts
     D:4: 55 daAuts
